 Dungeon Crawl Stone Soup version 0.30-a0-847-g17996783a1 (webtiles) character file.

Game seed: 11798793856322021636

214 cforsyth the Sneak (level 6, 0/38 HPs)
             Began as a Kobold Brigand on Mar 3, 2023.
             Slain by an orc wizard
             ... wielding a +0 dagger
              (3 damage)
             ... on level 3 of the Dungeon.
             The game lasted 00:02:20 (2366 turns).

cforsyth the Sneak (Kobold Brigand)                 Turns: 2366, Time: 00:02:21

Health: 0/38       AC:  3    Str:  9    XL:     6   Next: 15%
Magic:  6/6        EV: 16    Int: 12    God:
Gold:   98         SH:  0    Dex: 18    Spells: 5/5 levels left

rFire   . . .      SeeInvis .    r - +1 dagger (freeze)
rCold   . . .      Faith    .    (no shield)
rNeg    . . .      Spirit   .    b - +0 robe
rPois   .          Reflect  .    (no helmet)
rElec   .          Rampage  .    c - +0 cloak
rCorr   .                        (no gloves)
Will    .....                    (no boots)
Stlth   +++++                    (no amulet)
HPRegen 0.26/turn                (no ring)
MPRegen 0.10/turn                (no ring)

@: no status effects
A: small, no large weapons, nightstalker 3
a: no special abilities


You were on level 3 of the Dungeon.
You visited 1 branch of the dungeon, and saw 4 of its levels.

You collected 98 gold pieces.

Inventory:

Hand Weapons
 a - a +2 dagger
 o - a +1 dagger of speed
 r - a +1 dagger of freezing (weapon)
Missiles
 d - 9 poisoned darts (quivered)
 e - 3 curare-tipped darts
Armour
 b - a +0 robe (worn)
 c - a +0 cloak (worn)
Scrolls
 f - a scroll of magic mapping {unknown}
 g - 2 scrolls of noise {unknown}
 i - a scroll of enchant armour {unknown}
 l - a scroll of teleportation {unknown}
 m - a scroll of amnesia {unknown}
 n - 2 scrolls of fog {unknown}
 p - 4 scrolls of identify {unknown}
 q - a scroll of immolation {unknown}
 s - a scroll of silence {unknown}
 t - a scroll of blinking {unknown}
Potions
 h - 2 potions of heal wounds {unknown}
 j - 2 potions of degeneration {unknown}
 k - 3 potions of curing {unknown}
 u - a potion of resistance {unknown}


   Skills:
 + Level 3.7 Fighting
 + Level 4.5 Short Blades
 - Level 2.1 Throwing
 + Level 3.4 Dodging
 + Level 6.7 Stealth


You had 5 spell levels left.
You didn't know any spells.
Your spell library was empty.

Dungeon Overview and Level Annotations

Branches:
Dungeon (4/15)
 Temple: D:4-7

Altars:


Innate Abilities, Weirdness & Mutations

You are small and have problems with some larger weapons.
You are completely attuned to the shadows.


Message History

The orc wizard gestures wildly while chanting.
The orc wizard flickers and vanishes!
Deactivating autopickup; reactivate with Ctrl-A.
The orc misses you.
You hit the orc. You freeze the orc.
You kill the orc!
The orc barely misses you.
You hit the orc priest but do no damage.
You barely miss the orc priest. The orc priest misses you.
The orc closely misses you.
You barely miss the orc priest. The orc priest misses you. The orc misses you.
You hit the orc priest. You freeze the orc priest.
The orc priest is moderately wounded.
The orc priest misses you. The orc completely misses you. Something hits you.
You barely miss the orc priest.
The orc priest is moderately wounded.
The orc priest calls down the wrath of Beogh upon you.
Beogh smites you! The orc misses you.
You hear some strange, mumbled words.
Something tries to affect you, but you resist.
You hit the orc priest. You freeze the orc priest.
You punch the orc priest, but do no damage.
The orc priest is severely wounded.
You closely miss the orc priest.
The orc priest is severely wounded.
The orc priest calls down the wrath of Beogh upon you.
Pain shoots through your body! The orc barely misses you. Something hits you.
You hit the orc priest but do no damage.
The orc priest is severely wounded.
The orc priest hits you with a +0 whip.
* * * LOW HITPOINT WARNING * * *
The orc hits you from afar with a +0 trident.
* * * LOW HITPOINT WARNING * * *
Something hits you.
* * * LOW HITPOINT WARNING * * *
The orc priest invokes the aid of Beogh against you.
You barely resist.
Unknown command.
Something hits you.
You die...

#.#
#.##.#
#.#
#>##.#
#.#
#.##.#
#.# #..
#.# ..
#.# ##
#####.# #
#.....# #
#@##### #
#.##o$.
####
#o#.8.8
....
#.'o:$.
####
###)8.8
#.# #
#.$$###.#
#
####.#.#
# #.#.# #
#.#.### #


You could see an orc.

Vanquished Creatures
  An ice beast (D:3)
  An orc wizard (D:3)
  3 adders
  A worm (D:3)
  2 dart slugs
  3 orcs (D:3)
  4 bats
  6 endoplasms
  4 giant cockroaches
  10 goblins
  7 hobgoblins
  2 kobolds
  2 quokkas (D:1)
  4 ball pythons
  A frilled lizard (D:1)
  7 rats
58 creatures vanquished.

Notes
Turn   | Place    | Note
-------+----------+-------------------------------------------
     0 | D:1      | cforsyth the Kobold Brigand began the quest for the Orb.
     0 | D:1      | Reached XP level 1. HP: 12/12 MP: 1/1
    74 | D:1      | Reached XP level 2. HP: 18/18 MP: 2/2
   186 | D:1      | Reached XP level 3. HP: 22/22 MP: 3/3
   925 | D:2      | Reached XP level 4. HP: 27/27 MP: 4/4
  1199 | D:2      | Reached skill level 6 in Stealth
  1664 | D:3      | Noticed an ice beast
  1668 | D:3      | Killed an ice beast
  1669 | D:3      | Reached XP level 5. HP: 32/32 MP: 5/5
  1880 | D:3      | Reached XP level 6. HP: 16/37 MP: 6/6
  2366 | D:3      | Slain by an orc wizard

Illustrated notes

Levels and vault maps discovered:
D:1:      lightli_iron_boxes, layout_rooms, serial_bayou_pond_c
D:2:      kennysheep_the_goblin_king, layout_basic, minivault_26
D:3:      layout_loops_ring, gammafunk_temple_overflow_wave,
          kennysheep_orc_chapel
D:4:      layout_basic, temple_fountains

Skill      XL: |  1  2  3  4 |
---------------+-------------+-----
Short Blades   | 3 4 |  4.5
Dodging        | 2 3 |  3.4
Stealth        | 6 |  6.7
Fighting       | 3 |  3.7
Throwing       | |  2.1

Action                     |  1- 3 |  4- 6 || total
---------------------------+-------+-------++-------
  Melee: Dagger            |    76 |    62 ||   138
         Punch             |       |     1 ||     1
   Stab: Sleeping          |    21 |    11 ||    32
 Armour: Robe              |     6 |     4 ||    10
  Dodge: Dodged            |    25 |    34 ||    59

Table legend: (Time is in decaauts)
 A = Elapsed time spent in this place.
 B = Non-inter-level travel time spent in this place.
 C = Inter-level travel time spent in this place.
 D = Time resting spent in this place.
 E = Time spent auto-exploring this place.
 F = Levels seen in this place.
 G = Mean time per level.
                   A        B        C        D        E       F      G
               +--------+--------+--------+--------+--------+-----+--------+
         Total |   2334 |   2272 |     62 |    102 |   1822 |   4 |  583.5 |
       Dungeon |   2334 |   2272 |     62 |    102 |   1822 |   4 |  583.5 |
               +--------+--------+--------+--------+--------+-----+--------+

Top non-repeatable levels by time:
     D:2: 1052 daAuts
     D:3: 647 daAuts
     D:1: 526 daAuts
     D:4: 107 daAuts
